| TOP OF THE 1ST |
|
Los Angeles (NYP) Angels batting - Pitching for Spokane Indians : RHP Malibok Fflunker
|
|
Pitching: RHP Malibok Fflunker
|
|
|
Batting: RHB Dan Myers
|
0-0: Foul Ball, location: 2F 0-1: Called Strike 0-2: Strikes out looking
|
|
Batting: RHB Rory Cobb
|
0-0: Called Strike 0-1: Ball 1-1: Foul Ball, location: 2F 1-2: Ball 2-2: Ball 3-2: Foul Ball, location: 2F 3-2: Base on Balls
|
|
Batting: RHB Kyle Gray
|
0-0: Called Strike 0-1: Called Strike 0-2: Ball 1-2: Ball 2-2: Ball 3-2: Foul Ball, location: 2F 3-2: SINGLE (Groundball, 34S, EV 65.6 MPH) (infield hit) Rory Cobb to second
|
|
Batting: SHB Danny Gelinas
|
0-0: Ball Passed Ball! Rory Cobb to third Kyle Gray to second 1-0: Called Strike 1-1: Foul Ball, location: 2F 1-2: Strikes out swinging
|
|
Batting: RHB Dan Burkhart
|
0-0: Ball 1-0: Called Strike 1-1: Fly out, F9 (Flyball, 89D, EV 107.5 MPH)
|
| Top of the 1st over - 0 runs, 1 hit, 0 errors, 2 left on base; Los Angeles (NYP) 0 - Spokane 0 |
| BOTTOM OF THE 1ST |
|
Spokane Indians batting - Pitching for Los Angeles (NYP) Angels : LHP Si-hun Yi
|
|
Pitching: LHP Si-hun Yi
|
|
|
Batting: RHB Danny Odom
|
0-0: Swinging Strike 0-1: Ball 1-1: Foul Ball, location: 2F 1-2: Ball 2-2: Strikes out looking
|
|
Batting: RHB Aaron Graham
|
0-0: Ball 1-0: Called Strike 1-1: Ball 2-1: Foul Ball, location: 2F 2-2: Ball 3-2: Fly out, F2 (Popup, 25F, EV 95.0 MPH)
|
|
Batting: RHB Austin Mickelson
|
0-0: Foul Ball, location: 2F 0-1: Swinging Strike 0-2: Ball 1-2: Strikes out swinging
|
| Bottom of the 1st over - 0 runs, 0 hits, 0 errors, 0 left on base; Los Angeles (NYP) 0 - Spokane 0 |
| TOP OF THE 2ND |
|
Los Angeles (NYP) Angels batting - Pitching for Spokane Indians : RHP Malibok Fflunker
|
|
Batting: LHB Alberto Carrillo
|
0-0: Ball 1-0: SINGLE (Line Drive, 89S, EV 96.9 MPH)
|
|
Batting: RHB David Rhodes
|
0-0: Called Strike 0-1: Ball 1-1: SINGLE (Line Drive, 34D, EV 94.4 MPH) Alberto Carrillo to second Runner from 2nd tries for 3rd, SAFE, no throw by RF
|
|
Batting: RHB Malachi Ephron
|
0-0: Called Strike 0-1: Ball 1-1: Ball 2-1: Ball 3-1: Fly out, F9 (Flyball, 9D, EV 96.9 MPH) Runner from 3rd tags up, SCORES, throw by RF
|
|
Batting: RHB Ron Major
|
0-0: Ball 1-0: DOUBLE (Line Drive, 89M, EV 106.9 MPH) David Rhodes to third
|
|
Batting: RHB Dan Myers
|
0-0: Called Strike 0-1: Foul Ball, location: 2F 0-2: Strikes out swinging
|
|
Batting: RHB Rory Cobb
|
0-0: Ball 1-0: Called Strike 1-1: Called Strike 1-2: Foul Ball, location: 2F 1-2: Strikes out swinging
|
| Top of the 2nd over - 1 run, 3 hits, 0 errors, 2 left on base; Los Angeles (NYP) 1 - Spokane 0 |
| BOTTOM OF THE 2ND |
|
Spokane Indians batting - Pitching for Los Angeles (NYP) Angels : LHP Si-hun Yi
|
|
Batting: LHB Nick Foutz
|
0-0: Called Strike 0-1: Ball 1-1: Ball 2-1: Ball 3-1: Foul Ball, location: 2F 3-2: Foul Ball, location: 2F 3-2: Foul Ball, location: 2F 3-2: Fly out, F8 (Flyball, 8RM, EV 86.9 MPH)
|
|
Batting: RHB Dennis Daniels
|
0-0: Foul Ball, location: 2F 0-1: Ground out 5-3 (Groundball, 56S, EV 86.9 MPH)
|
|
Batting: LHB Mike Sammons
|
0-0: Foul Ball, location: 2F 0-1: Called Strike 0-2: Ball 1-2: Strikes out swinging
|
| Bottom of the 2nd over - 0 runs, 0 hits, 0 errors, 0 left on base; Los Angeles (NYP) 1 - Spokane 0 |
| TOP OF THE 3RD |
|
Los Angeles (NYP) Angels batting - Pitching for Spokane Indians : RHP Malibok Fflunker
|
|
Batting: RHB Kyle Gray
|
0-0: Called Strike 0-1: Called Strike 0-2: Ball 1-2: Strikes out swinging
|
|
Batting: SHB Danny Gelinas
|
0-0: Called Strike 0-1: Fly out, F9 (Flyball, 9LD, EV 88.8 MPH)
|
|
Batting: RHB Dan Burkhart
|
0-0: Ball 1-0: Ball 2-0: Fly out, F3 (Popup, 3F, EV 61.2 MPH)
|
| Top of the 3rd over - 0 runs, 0 hits, 0 errors, 0 left on base; Los Angeles (NYP) 1 - Spokane 0 |
| BOTTOM OF THE 3RD |
|
Spokane Indians batting - Pitching for Los Angeles (NYP) Angels : LHP Si-hun Yi
|
|
Batting: RHB Jorge Bernal
|
0-0: Fly out, F8 (Flyball, 89D, EV 93.1 MPH)
|
|
Batting: LHB Walter Vegter
|
0-0: Swinging Strike 0-1: SINGLE (Groundball, 6D, EV 106.2 MPH)
|
|
Batting: RHB Alex Vazquez
|
0-0: Called Strike 0-1: Called Strike Walter Vegter steals 2nd base 0-2: Ball 1-2: Ground out 6-3 (Groundball, 6S, EV 72.5 MPH) Walter Vegter to third
|
|
Batting: RHB Danny Odom
|
0-0: Ball 1-0: Foul Ball, location: 2F 1-1: Ball 2-1: Foul Ball, location: 2F 2-2: Foul Ball, location: 2F 2-2: Ground out 5-3 (Groundball, 56, EV 82.5 MPH)
|
| Bottom of the 3rd over - 0 runs, 1 hit, 0 errors, 1 left on base; Los Angeles (NYP) 1 - Spokane 0 |
| TOP OF THE 4TH |
|
Los Angeles (NYP) Angels batting - Pitching for Spokane Indians : RHP Malibok Fflunker
|
|
Batting: LHB Alberto Carrillo
|
0-0: Ball 1-0: Foul Ball, location: 2F 1-1: Ball 2-1: Ball 3-1: Called Strike 3-2: SINGLE (Groundball, 4M, EV 93.8 MPH)
|
|
Batting: RHB David Rhodes
|
0-0: Foul Ball, location: 2F 0-1: Grounds into double play, 6-4-3 (Groundball, 56D, EV 89.4 MPH)
|
|
Batting: RHB Malachi Ephron
|
0-0: Foul Ball, location: 2F 0-1: Called Strike 0-2: Strikes out swinging
|
| Top of the 4th over - 0 runs, 1 hit, 0 errors, 0 left on base; Los Angeles (NYP) 1 - Spokane 0 |
| BOTTOM OF THE 4TH |
|
Spokane Indians batting - Pitching for Los Angeles (NYP) Angels : LHP Si-hun Yi
|
|
Batting: RHB Aaron Graham
|
0-0: Ball 1-0: Hit by Pitch
|
|
Batting: RHB Austin Mickelson
|
0-0: Ball 1-0: Ball 2-0: Ball 3-0: Called Strike 3-1: Foul Ball, location: 2F 3-2: Base on Balls Aaron Graham to second
|
|
Batting: LHB Nick Foutz
|
0-0: Called Strike 0-1: SINGLE (Line Drive, 8LS, EV 96.2 MPH) Aaron Graham to third Austin Mickelson to second Runner from 3rd tries for Home, SAFE, throw by CF to home
|
|
Batting: RHB Dennis Daniels
|
0-0: Ball 1-0: Fly out, F7 (Flyball, 78S, EV 86.9 MPH)
|
|
Batting: LHB Mike Sammons
|
0-0: Foul Ball, location: 2F 0-1: Foul Ball, location: 2F 0-2: Foul Ball, location: 2F Balk! Austin Mickelson to third Nick Foutz to second 0-2: Ball 1-2: Foul Ball, location: 2F 1-2: Fly out, F8 (Flyball, 89D, EV 105.6 MPH) Runner from 3rd tags up, OUT at HOME! 8-2
|
| Bottom of the 4th over - 1 run, 1 hit, 0 errors, 1 left on base; Los Angeles (NYP) 1 - Spokane 1 |
| TOP OF THE 5TH |
|
Los Angeles (NYP) Angels batting - Pitching for Spokane Indians : RHP Malibok Fflunker
|
|
Batting: RHB Ron Major
|
0-0: Ball 1-0: Foul Ball, location: 2F 1-1: Called Strike 1-2: Strikes out swinging
|
|
Batting: RHB Dan Myers
|
0-0: Foul Ball, location: 2F 0-1: Foul Ball, location: 2F 0-2: Ground out 6-3 (Groundball, 6, EV 111.9 MPH)
|
|
Batting: RHB Rory Cobb
|
0-0: SINGLE (Groundball, 4M, EV 88.8 MPH) (infield hit)
|
|
Batting: RHB Kyle Gray
|
0-0: Ball 1-0: Ball 2-0: Foul Ball, location: 2F 2-1: Ground out 6-3 (Groundball, 6M, EV 85.6 MPH)
|
| Top of the 5th over - 0 runs, 1 hit, 0 errors, 1 left on base; Los Angeles (NYP) 1 - Spokane 1 |
| BOTTOM OF THE 5TH |
|
Spokane Indians batting - Pitching for Los Angeles (NYP) Angels : LHP Si-hun Yi
|
|
Batting: RHB Jorge Bernal
|
0-0: Foul Ball, location: 2F 0-1: Ball 1-1: Foul Ball, location: 2F 1-2: Foul Ball, location: 2F 1-2: Ball 2-2: Fly out, F3 (Popup, 3SF, EV 85.0 MPH)
|
|
Batting: LHB Walter Vegter
|
0-0: Ball 1-0: Ball 2-0: Fly out, F7 (Line Drive, 78M, EV 108.8 MPH)
|
|
Batting: RHB Alex Vazquez
|
0-0: Called Strike 0-1: Fly out, F8 (Flyball, 8RXD, EV 102.5 MPH)
|
| Bottom of the 5th over - 0 runs, 0 hits, 0 errors, 0 left on base; Los Angeles (NYP) 1 - Spokane 1 |
| TOP OF THE 6TH |
|
Los Angeles (NYP) Angels batting - Pitching for Spokane Indians : RHP Malibok Fflunker
|
|
Batting: SHB Danny Gelinas
|
0-0: Called Strike 0-1: Ball 1-1: Ball 2-1: Foul Ball, location: 2F 2-2: Ball 3-2: DOUBLE (Flyball, 78D, EV 93.1 MPH)
|
|
Batting: RHB Dan Burkhart
|
0-0: Ball 1-0: Called Strike 1-1: Swinging Strike 1-2: Ball 2-2: Ball 3-2: Ground out U3 (Groundball, 13, EV 85.0 MPH) Danny Gelinas to third
|
|
Batting: LHB Alberto Carrillo
|
0-0: Intentional Walk
|
|
Batting: RHB David Rhodes
|
0-0: Foul Ball, location: 2F 0-1: Called Strike 0-2: Ball 1-2: Strikes out looking
|
|
Batting: RHB Malachi Ephron
|
0-0: Ball 1-0: Foul Ball, location: 2F 1-1: Called Strike 1-2: Foul Ball, location: 2F 1-2: Fielders Choice at 2nd, 6-4 (Groundball, 6, EV 109.4 MPH)
|
| Top of the 6th over - 0 runs, 1 hit, 0 errors, 2 left on base; Los Angeles (NYP) 1 - Spokane 1 |
| BOTTOM OF THE 6TH |
|
Spokane Indians batting - Pitching for Los Angeles (NYP) Angels : LHP Si-hun Yi
|
|
Batting: RHB Danny Odom
|
0-0: Ball 1-0: Ball 2-0: Called Strike 2-1: Ball 3-1: Base on Balls
|
|
Pitching: RHP Arnold Frye
|
|
|
Pinch Hitting: LHB Sean Gingrich
|
0-0: Ball 1-0: Called Strike 1-1: Ball Danny Odom steals 2nd base 2-1: Fly out, F8 (Flyball, 78S, EV 93.1 MPH)
|
|
Batting: RHB Austin Mickelson
|
0-0: Called Strike 0-1: Fly out, F9 (Flyball, 9, EV 98.1 MPH)
|
|
Batting: LHB Nick Foutz
|
0-0: Fly out, F8 (Flyball, 8RXD, EV 98.8 MPH)
|
| Bottom of the 6th over - 0 runs, 0 hits, 0 errors, 1 left on base; Los Angeles (NYP) 1 - Spokane 1 |
| TOP OF THE 7TH |
|
Los Angeles (NYP) Angels batting - Pitching for Spokane Indians : RHP Malibok Fflunker
|
|
Now at 1B: Jason Swisher
|
|
|
Batting: RHB Ron Major
|
0-0: Called Strike 0-1: Foul Ball, location: 2F 0-2: Strikes out looking
|
|
Pitching: RHP Ryan Jones
|
|
|
Batting: RHB Dan Myers
|
0-0: Ball 1-0: Ball 2-0: Called Strike 2-1: Ball 3-1: Base on Balls
|
|
Batting: RHB Rory Cobb
|
0-0: Ball 1-0: Called Strike 1-1: Foul Ball, location: 2F 1-2: Strikes out swinging
|
|
Batting: RHB Kyle Gray
|
0-0: Ball 1-0: Ball 2-0: Ground out 1-3 (Groundball, 13, EV 61.9 MPH)
|
| Top of the 7th over - 0 runs, 0 hits, 0 errors, 1 left on base; Los Angeles (NYP) 1 - Spokane 1 |
| BOTTOM OF THE 7TH |
|
Spokane Indians batting - Pitching for Los Angeles (NYP) Angels : RHP Arnold Frye
|
|
Pinch Hitting: LHB Casper Kersten
|
0-0: Ball 1-0: Called Strike 1-1: Ball 2-1: Fly out, F8 (Line Drive, 8RM, EV 95.6 MPH)
|
|
Batting: LHB Mike Sammons
|
0-0: Ball 1-0: Ball 2-0: Called Strike 2-1: Called Strike 2-2: Ball 3-2: SINGLE (Groundball, 34D, EV 97.5 MPH)
|
|
Pinch Hitting: LHB Ben Radach
|
0-0: Called Strike 0-1: Called Strike 0-2: Foul Ball, location: 2F 0-2: Ball 1-2: Foul Ball, location: 2F 1-2: SINGLE (Groundball, 34D, EV 110.0 MPH) Mike Sammons to second Runner from 2nd tries for 3rd, SAFE, throw by RF made to third
|
|
Batting: LHB Walter Vegter
|
0-0: Fielders Choice at 2nd, 1-6 (Groundball, 34S, EV 65.6 MPH)
|
|
Pinch Hitting: LHB Nate Ciccarelli
|
0-0: Ground out 4-3 (Groundball, 4, EV 90.0 MPH)
|
| Bottom of the 7th over - 0 runs, 2 hits, 0 errors, 2 left on base; Los Angeles (NYP) 1 - Spokane 1 |
| TOP OF THE 8TH |
|
Los Angeles (NYP) Angels batting - Pitching for Spokane Indians : RHP Ryan Jones
|
|
Now at 2B: Knud Prins
|
|
|
Now at 3B: Casper Kersten
|
|
|
Now at SS: Danny Odom
|
|
|
Now in RF: Theo van Gent
|
|
|
Batting: SHB Danny Gelinas
|
0-0: Called Strike 0-1: Swinging Strike 0-2: Ball 1-2: Ball 2-2: Strikes out swinging
|
|
Batting: RHB Dan Burkhart
|
0-0: Ground out 6-3 (Groundball, 6, EV 90.0 MPH)
|
|
Batting: LHB Alberto Carrillo
|
0-0: Swinging Strike 0-1: Foul Ball, location: 2F 0-2: Foul Ball, location: 2F 0-2: Foul Ball, location: 2F 0-2: Foul Ball, location: 2F 0-2: Ball 1-2: Ball 2-2: SINGLE (Groundball, 3D, EV 97.5 MPH)
|
|
Batting: RHB David Rhodes
|
0-0: Called Strike 0-1: Ball 1-1: Foul Ball, location: 2F 1-2: DOUBLE (Groundball, 5L, EV 109.4 MPH) Alberto Carrillo to third Runner from 3rd tries for Home, SAFE, throw by LF to home
|
|
Batting: RHB Malachi Ephron
|
0-0: Ball 1-0: Ball 2-0: Ball 3-0: Called Strike 3-1: Base on Balls
|
|
Batting: RHB Ron Major
|
0-0: Ball 1-0: Foul Ball, location: 2F 1-1: Swinging Strike 1-2: Strikes out looking
|
| Top of the 8th over - 1 run, 2 hits, 0 errors, 2 left on base; Los Angeles (NYP) 2 - Spokane 1 |
| BOTTOM OF THE 8TH |
|
Spokane Indians batting - Pitching for Los Angeles (NYP) Angels : RHP Arnold Frye
|
|
Batting: RHB Danny Odom
|
0-0: Swinging Strike 0-1: Called Strike 0-2: Foul Ball, location: 2F 0-2: Strikes out swinging
|
|
Batting: RHB Jason Swisher
|
0-0: Ball 1-0: Called Strike 1-1: Ball 2-1: Foul Ball, location: 2F 2-2: Ground out 4-3 (Groundball, 34, EV 83.1 MPH)
|
|
Batting: RHB Austin Mickelson
|
0-0: Ball 1-0: SINGLE (Groundball, 56, EV 95.0 MPH)
|
|
Pitching: LHP Yee Koh
|
|
|
Batting: LHB Nick Foutz
|
0-0: Ball 1-0: 2-RUN HOME RUN (Flyball, 9D, EV 95.6 MPH), Distance : 360 ft
|
|
Pinch Hitting: RHB Sergio Godinez
|
0-0: Ball 1-0: Foul Ball, location: 2F 1-1: Foul Ball, location: 2F 1-2: Ball 2-2: Strikes out swinging
|
| Bottom of the 8th over - 2 runs, 2 hits, 0 errors, 0 left on base; Los Angeles (NYP) 2 - Spokane 3 |
| TOP OF THE 9TH |
|
Los Angeles (NYP) Angels batting - Pitching for Spokane Indians : RHP Ryan Jones
|
|
Pitching: RHP Victor Benitez
|
|
|
Now at 2B: Jerry Castillo
|
|
|
Now at 3B: Knud Prins
|
|
|
Batting: RHB Dan Myers
|
0-0: Foul Ball, location: 2F 0-1: SINGLE (Groundball, 34S, EV 68.8 MPH) (infield hit)
|
|
Batting: RHB Rory Cobb
|
0-0: Bunt - Flyout to 13S! F1
|
|
Batting: LHB Matthew Bale
|
0-0: Called Strike 0-1: Ball 1-1: Reached on error, E4 (Groundball, 4, EV 81.9 MPH) Dan Myers to second
|
|
Batting: SHB Danny Gelinas
|
0-0: Called Strike 0-1: Ball 1-1: Swinging Strike 1-2: Ball 2-2: Ball 3-2: Strikes out swinging
|
|
Pinch Hitting: LHB Spencer Palmer
|
0-0: Ball 1-0: Swinging Strike 1-1: Ball 2-1: Ball 3-1: Swinging Strike 3-2: Foul Ball, location: 2F 3-2: Strikes out swinging
|
| Top of the 9th over - 0 runs, 1 hit, 1 error, 2 left on base; Los Angeles (NYP) 2 - Spokane 3 |
|